cohdb
Replays
Latest Replays
All Replays
Popular Replays
Top Player Replays
Match Explorer
How It Works
Community
CoH3 Stats
Reddit
Sign in to upload your games and track your stats! →
Sign in with Steam
Match 37848132
Unlisted
Match 37848132
Overview
Messages
Build Orders
End
Selects Special Operations Battlegroup
Selects M29 Weasel Recon Vehicle
M29 Weasel Recon Vehicle
Construct Barracks
Riflemen Squad
M1 Mortar Team
Infantry Support Center
Riflemen Squad
Construct Medical Station
Grenade Package
Construct Weapon Support Center
Selects Raiding Flares
M3 Armored Personnel Carrier
M1918 Browning Automatic Rifles
M1919 Machine Gun Team
Advanced Logistics
Engineer Squad
Selects P-47 Anti-Infantry Loiter
Raiding Flares
P-47 Anti-Infantry Loiter
Riflemen Squad
Riflemen Squad
Construct Tank Depot
Selects SSF Commando Squad
SSF Commando Squad
Dahlian
Turtleboy
Trivolka
FLOKL
0
0
Comments
sign in to comment!
No comments posted yet!